 Dungeon Crawl Stone Soup version 0.22-a0-388-g09e6169 (webtiles) character file.

11958 seren the Grappler (level 11, -6/89 HPs)
             Began as a Barachi Fighter on Apr 29, 2018.
             Was an Elder of Cheibriados.
             Hit by a javelin thrown by a minotaur (11 damage)
             ... on level 11 of the Dungeon.
             The game lasted 01:06:06 (16913 turns).

seren the Grappler (Barachi Fighter)               Turns: 16913, Time: 01:06:06

Health: -6/89      AC: 13    Str: 27    XL:     11   Next: 85%
Magic:  15/15      EV: 10    Int: 19    God:    Cheibriados [****..]
Gold:   677        SH: 13    Dex: 22    Spells: 7/10 levels left

rFire    . . .     SeeInvis .     - Unarmed
rCold    . . .     Gourm    .   n - +0 shield
rNeg     . . .     Faith    .   j - +0 chain mail
rPois    +         Spirit   .   o - +1 hat
rElec    .         Reflect  .   (no cloak)
rCorr    +         Harm     .   k - +0 pair of gloves
MR       .....                  (no boots)
Stlth    ..........             (no amulet)
HPRegen  0.24/turn              t - ring of poison resistance
MPRegen  0.14/turn              h - ring of resist corrosion

@: can't hop, very slightly contaminated, invisible, very slow
A: +LOS, swims, slowness 1, strong legs 1
a: Hop, Bend Time, Temporal Distortion, Slouch, Renounce Religion


You were on level 11 of the Dungeon.
You worshipped Cheibriados.
Cheibriados was greatly pleased with you.
You were not hungry.

You visited 4 branches of the dungeon, and saw 14 of its levels.
You also visited: Labyrinth.

You collected 677 gold pieces.

Inventory:

Hand Weapons
 b - a +0 hunting sling
Missiles
 i - 309 stones
 q - 89 sling bullets
 B - 14 javelins (quivered)
Armour
 a - a +0 scale mail
 j - a +0 chain mail (worn)
 k - a +0 pair of gloves (worn)
 n - a +0 shield (worn)
 o - a +1 hat (worn)
 D - a +2 robe of magic resistance
 G - the +0 robe of Impermeability {rC+ SInv}
   (You found it on level 6 of the Dungeon)

   It protects you from cold.
   It lets you see invisible.
Jewellery
 c - an uncursed ring of magical power
 e - an uncursed amulet of rage {unknown}
 g - the ring "Cyrru" {AC+2 Dex+5 Stlth+, unknown}
   (You found it in a labyrinth)

   [ring of protection]

   It affects your AC (+2).
   It affects your dexterity (+5).
   It makes you more stealthy.
 h - a ring of resist corrosion (right hand)
 p - a +3 ring of intelligence
 t - a ring of poison resistance (left hand)
Wands
 A - a wand of polymorph (47)
Scrolls
 r - a scroll of teleportation {!r}
 v - 3 scrolls of magic mapping
 x - a scroll of immolation
 y - a scroll of blinking {!r}
 z - a scroll of fog {unknown}
 C - 2 scrolls of remove curse
 E - a scroll of torment {unknown}
 I - a scroll of acquirement {unknown}
Potions
 l - 2 potions of lignification
 m - a potion of cancellation
 u - a potion of ambrosia
 F - a potion of flight
 H - 5 potions of curing
Comestibles
 d - 21 rations


   Skills:
 + Level 9.0 Fighting
 + Level 8.2 Armour
 - Level 4.0 Dodging
 + Level 9.3 Shields
 - Level 12.0 Unarmed Combat
 - Level 5.0 Invocations
 - Level 6.0 Evocations


You had 7 spell levels left.
You knew the following spells:

 Your Spells              Type           Power        Failure   Level  Hunger
a - Regeneration          Chrm/Necr      #.........   99%         3    ####...


Dungeon Overview and Level Annotations

Branches:
Dungeon (11/15)            Temple (1/1) D:6            Lair (1/6) D:10
    Orc (1/2) D:10

Altars:
Ashenzari
Cheibriados
Dithmenos
Elyvilon
Fedhas
Gozag
Hepliaklqana
Kikubaaqudgha
Makhleb
Nemelex Xobeh
Okawaru
Qazlal
Ru
Sif Muna
Trog
Uskayaw
Vehumet
Wu Jian
Xom
Yredelemnul
Zin
The Shining One
Beogh

Portals:
Trove: D:10 (give 15 scrolls of teleportation)

Annotations:
D:5 exclusion: downstairs
D:7 need digging to get scroll
D:8 exclusion: downstairs


Innate Abilities, Weirdness & Mutations

Shadows flee at your approach. (+LOS)
You can swim through water.
You cover ground slowly.
You can hop short distances.


Message History

Okay, then.
It was a potion of invisibility.
You fade into invisibility!
The minotaur hits you.
* * * LOW HITPOINT WARNING * * *
The minotaur misses you.
You are very lightly contaminated with residual magic.
The minotaur hits you but does no damage.
The minotaur gores you but does no damage.
Welcome back to the Dungeon!
There is an empty arch of ancient stone here.
You block the minotaur's attack. x2; The minotaur closely misses you.
The minotaur gores you!
* * * LOW HITPOINT WARNING * * *
Hop to where?
Press: ? - help, Dir - move target cursor Boing!
Found a scroll of random uselessness.
The minotaur throws a javelin.
The javelin hits you!
You die...

##. ####.####
##.......###
#..........###
#......∩(....##
#.....H........#
#.)[...........#
#####.<[............
...!......@...........
########.............#
##..........###
#.........##
##.........#
#.###.....# #.. ..$..#
##. ....# . .?...


You could see a minotaur.

Vanquished Creatures
  2 two-headed ogres
  Nergalle (D:10)
  4 skeletal warriors
  Joseph (D:9)
  2 trolls (D:9)
  A hippogriff (D:9)
  A wandering mushroom (D:10)
  2 redbacks (Lab)
  A wyvern (D:8)
  A shadow (Lab)
  A steam dragon (D:6)
  4 yaks (D:10)
  A hungry ghost (Lab)
  Menkaure (D:6)
  A naga (D:8)
  3 orc warriors (D:9)
  2 sky beasts
  4 ice beasts
  2 slaves (D:6)
  A black bear (D:9)
  A phantom (D:6)
  4 centaurs
  3 ogres
  A big kobold (D:9)
  8 bullfrogs
  2 scorpions
  A water moccasin skeleton (D:4)
  19 killer bees
  4 wights
  2 howler monkeys
  6 crimson imps
  2 bullfrog zombies
  A gnoll shaman (D:6)
  A jelly (D:4)
  2 quasits
  7 orc priests
  5 hounds
  13 orc wizards
  Jessica (D:6)
  7 worker ants
  2 iguanas
  A hound zombie (D:7)
  A howler monkey zombie (D:10)
  2 worker ant zombies
  12 adders
  7 gnolls
  2 howler monkey skeletons
  An ooze (D:5)
  2 adder zombies
  An adder skeleton (D:5)
  5 worms
  A dart slug (D:2)
  10 leopard geckos
  66 orcs
  A ball python (D:3)
  5 giant cockroaches
  4 goblins
  9 hobgoblins
  10 jackals
  14 kobolds
  4 quokkas
  3 bats
  5 frilled lizards
  A jackal skeleton (D:4)
  A leopard gecko zombie (D:6)
  4 rats
  2 plants (D:10)
302 creatures vanquished.

Vanquished Creatures (others)
  A slave (D:7)
  A hound (D:7)
  An iron imp (D:7)
  A howler monkey zombie (D:7)
4 creatures vanquished.

Grand Total: 306 creatures vanquished

Notes
Turn   | Place    | Note
-------+----------+-------------------------------------------
     0 | D:1      | seren the Barachi Fighter began the quest for the Orb.
     0 | D:1      | Reached XP level 1. HP: 18/18 MP: 1/1
   361 | D:1      | Reached XP level 2. HP: 25/25 MP: 2/2
   765 | D:1      | Reached XP level 3. HP: 13/30 MP: 3/3
  1321 | D:2      | Reached skill level 3 in Unarmed Combat
  1650 | D:2      | Reached XP level 4. HP: 38/38 MP: 4/4
  1945 | D:2      | Noticed a bullfrog
  2178 | D:2      | Found a shattered altar of Ashenzari.
  2259 | D:2      | Killed a bullfrog
  2259 | D:2      | Reached skill level 5 in Fighting
  2259 | D:2      | Reached skill level 4 in Unarmed Combat
  2259 | D:2      | Reached XP level 5. HP: 35/44 MP: 5/5
  2954 | D:4      | Reached XP level 6. HP: 39/51 MP: 6/6
  3365 | D:4      | Reached skill level 1 in Dodging
  3676 | D:4      | Reached skill level 5 in Unarmed Combat
  3941 | D:4      | Reached skill level 1 in Evocations
  4212 | D:4      | Reached XP level 7. HP: 55/56 MP: 6/8
  4524 | D:5      | Entered Level 5 of the Dungeon
  4626 | D:5      | Reached skill level 6 in Unarmed Combat
  4972 | D:5      | Reached skill level 5 in Shields
  5284 | D:6      | Noticed Sigmund
  5735 | D:6      | Reached XP level 8. HP: 46/62 MP: 10/10
  5828 | D:6      | Found a staircase to the Ecumenical Temple.
  5838 | Temple   | Entered the Ecumenical Temple
  6000 | D:6      | Noticed Menkaure
  6202 | D:5      | Reached skill level 7 in Unarmed Combat
  6418 | D:6      | Killed Menkaure
  6629 | D:6      | Found a sparkling altar of Nemelex Xobeh.
  6629 | D:6      | Noticed Jessica
  6647 | D:6      | Killed Jessica
  6753 | D:6      | Reached skill level 8 in Unarmed Combat
  6787 | D:6      | Noticed Sigmund
  6787 | D:6      | Sigmund changed into Sigmund the steam dragon
  7221 | D:6      | Got an ancient robe
  7290 | D:6      | Killed Sigmund the steam dragon
  7574 | D:6      | Reached XP level 9. HP: 68/68 MP: 11/11
  7595 | D:6      | Identified the cursed +0 robe of Impermeability {rC+ SInv} (You found it on level 6 of the Dungeon)
  7635 | D:7      | Noticed Pikel
  8144 | D:6      | Noticed Pikel
  8144 | D:6      | Pikel changed into Pikel the ice beast
  8151 | D:6      | Killed Pikel the ice beast
  8646 | D:6      | Reached skill level 5 in Armour
  8764 | D:7      | Reached skill level 5 in Evocations
  8795 | D:7      | Found a glowing silver altar of Zin.
  9136 | D:6      | Reached skill level 9 in Unarmed Combat
  9650 | D:7      | Found a blossoming altar of Fedhas.
  9814 | D:7      | Found a snail-covered altar of Cheibriados.
  9824 | D:7      | Became a worshipper of Cheibriados the Contemplative
  9843 | D:7      | Found a shimmering altar of Xom.
  9911 | D:7      | Found a stormy altar of Qazlal.
 10137 | D:8      | Learned a level 3 spell: Regeneration
 10287 | D:8      | Reached skill level 1 in Invocations
 10396 | D:8      | Noticed a two-headed ogre
 10403 | D:8      | Killed a two-headed ogre
 10403 | D:8      | Reached XP level 10. HP: 80/80 MP: 14/14
 10932 | D:8      | Reached * piety under Cheibriados
 11549 | D:9      | Noticed Psyche
 11669 | D:9      | Noticed Psyche
 11669 | D:9      | Psyche changed into Psyche the naga
 11690 | D:8      | Killed Psyche the naga
 11981 | D:9      | Noticed a two-headed ogre
 11986 | D:9      | Killed a two-headed ogre
 11986 | D:9      | Reached skill level 10 in Unarmed Combat
 12513 | D:9      | Reached ** piety under Cheibriados
 12935 | D:9      | Found a roughly hewn altar of Beogh.
 13284 | D:9      | Noticed Joseph
 13298 | D:9      | Killed Joseph
 13298 | D:9      | Reached XP level 11. HP: 32/87 MP: 15/15
 13921 | D:9      | Reached *** piety under Cheibriados
 14060 | D:10     | Entered Level 10 of the Dungeon
 14060 | D:10     | Noticed a skeletal warrior
 14060 | D:10     | Noticed a skeletal warrior
 14060 | D:10     | Noticed a skeletal warrior
 14060 | D:10     | Noticed a skeletal warrior
 14148 | D:9      | Reached skill level 11 in Unarmed Combat
 14446 | D:9      | Killed a skeletal warrior
 14779 | D:9      | Killed a skeletal warrior
 14779 | D:9      | Reached skill level 5 in Invocations
 14873 | D:9      | Killed a skeletal warrior
 15072 | D:10     | Killed a skeletal warrior
 15246 | D:10     | Noticed an oklob plant
 15400 | D:10     | an oklob plant changed into a wandering mushroom
 15477 | D:10     | Found a staircase to the Lair.
 15517 | Lair:1   | Entered Level 1 of the Lair of Beasts
 15721 | D:10     | Found a staircase to the Orcish Mines.
 15729 | Orc:1    | Entered Level 1 of the Orcish Mines
 15733 | Orc:1    | Noticed Nergalle
 15748 | D:10     | Killed Nergalle
 15942 | D:10     | Found a portal to a secret trove of treasure.
 16007 | D:10     | Reached **** piety under Cheibriados
 16183 | D:11     | Found a labyrinth entrance.
 16221 | Lab      | Entered a labyrinth
 16678 | Lab      | Reached skill level 12 in Unarmed Combat
 16901 | Lab      | Noticed a minotaur
 16905 | Lab      | Identified Vokes's Catalogue of Companions and Cold
 16906 | Lab      | Got a coiled glass ring
 16911 | D:11     | HP: 4/89 [minotaur (9)]
 16913 | D:11     | Hit by a javelin thrown by a minotaur

Vault maps used:
D:1:      dpeg_arrival_triangle_fractal
D:2:      cheibrodos_old_hovel, lemuel_crystal_altar,
          hangedman_abyss_or_decor_lesser_grid
D:5:      first_ration
D:6:      temple_statues, gup_sewer_entry_bubbles, nemelex_lonely_heart_becter,
          uniq_sigmund, uniq_menkaure
D:7:      slow_altar_2, old_standard_altar, xom_teletrap_fun, zin_scriptorium,
          marbit_many_paths, uniq_pikel
D:9:      special_room, uniq_joseph, uniq_psyche
D:10:     dpeg_oklobed_lair, enter_trove_3
D:11:     lab_entry_generic
Temple:   regret_index_temple_sphere_string
Lair:1:   uniq_sonja
Orc:1:    mines4_lemuel, uniq_nergalle, uniq_gastronok
Lab:      labyrinth_hidden_loot, nicolae_lab_swirl, nicolae_lab_lava

Skill      XL: |  1  2  3  4  5  6  7  8  9 10 11 |
---------------+----------------------------------+-----
Armour         | 4 5 6 8 |  8.2
Fighting       | 4 5 7 8 9 |  9.0
Unarmed Combat | 3 4 5 6 8 9 10 12 | 12.0
Shields        | 4 5 6 7 9 |  9.3
Dodging        | 1 3 4 |  4.0
Evocations     | 1 2 3 5 6 |  6.0
Invocations    | 2 4 5 |  5.0

Action                   |  1- 3 |  4- 6 |  7- 9 | 10-12 || total
-------------------------+-------+-------+-------+-------++-------
Melee: Unarmed           |   163 |   253 |   649 |   646 ||  1711
 Fire: Hunting sling     |       |       |       |    13 ||    13
Throw: Stone             |     9 |     9 |       |       ||    18
Invok: Bend Time         |       |       |       |     8 ||     8
 Abil: Hop               |       |       |     5 |     2 ||     7
Evoke: Wand              |       |       |     7 |    14 ||    21
  Use: Scroll            |       |     9 |     8 |    10 ||    27
       Potion            |       |     3 |     3 |     7 ||    13
  Eat: Chunk             |     3 |     8 |    21 |    11 ||    43
       Ration            |       |       |     1 |     1 ||     2
Armor: Scale mail        |    70 |    88 |   210 |    87 ||   455
       Skin              |       |       |    20 |       ||    20
       Chain mail        |       |       |       |    40 ||    40
Dodge: Dodged            |    55 |    51 |   190 |   188 ||   484
Block: Buckler           |    16 |       |       |       ||    16
       Shield            |    12 |    75 |   275 |   326 ||   688

Table legend:
 A = Spawn XP
 B = Non-spawn XP
 C = Spawn XP percentage of total XP
 D = Spawn monster count
 E = Non-spawn monster count
 F = Spawn count percentage of total count
 G = Total turns spent on level
                    A         B        C        D         E        F      G
               +---------+---------+-------+---------+---------+-------+---------
         Total |       0 |   17083 |   0.0 |       0 |     299 |   0.0 | 16913
               +---------+---------+-------+---------+---------+-------+---------
           D:1 |       0 |      42 |   0.0 |       0 |      16 |   0.0 |  1080
           D:2 |       0 |     201 |   0.0 |       0 |      27 |   0.0 |  1475
           D:3 |       0 |      50 |   0.0 |       0 |      19 |   0.0 |   747
           D:4 |       0 |     559 |   0.0 |       0 |      18 |   0.0 |  1428
           D:5 |       0 |     422 |   0.0 |       0 |      10 |   0.0 |  1295
           D:6 |       0 |    2216 |   0.0 |       0 |      47 |   0.0 |  2900
           D:7 |       0 |     712 |   0.0 |       0 |      19 |   0.0 |  1177
           D:8 |       0 |    2417 |   0.0 |       0 |      33 |   0.0 |  1914
           D:9 |       0 |    6036 |   0.0 |       0 |      73 |   0.0 |  2985
          D:10 |       0 |    3468 |   0.0 |       0 |      25 |   0.0 |  1004
          D:11 |       0 |     119 |   0.0 |       0 |       8 |   0.0 |    41
           Lab |       0 |     841 |   0.0 |       0 |       4 |   0.0 |   689
               +---------+---------+-------+---------+---------+-------+---------
